 Dungeon Crawl Stone Soup version 0.19.4-10-g532645f (webtiles) character file.

22619 raph the Slicer (level 13, -4/132 HPs)
             Began as a Halfling Berserker on Feb 24, 2017.
             Was an Elder of Trog.
             Slain by Rupert
             ... wielding a +0 battleaxe of electrocution
              (20 damage)
             ... on level 4 of the Lair of Beasts.
             The game lasted 00:43:32 (15006 turns).

raph the Slicer (Halfling Berserker)               Turns: 15006, Time: 00:43:32

Health: -4/132     AC: 20    Str: 27    XL:     13   Next: 28%
Magic:  25/25      EV: 19    Int: 11    God:    Trog [****..]
Gold:   813        SH:  7    Dex: 18    Spells: 0 memorised, 12 levels left

rFire  + + .     SeeInvis .     a - +3 dagger (venom)
rCold  x . .     Gourm    .     P - +3 fire dragon scales
rNeg   . . .     Faith    .     o - +0 buckler
rPois  +         Spirit   .     M - +0 helmet
rElec  .         Reflect  .     p - +2 cloak
rCorr  .         Harm     .     (no gloves)
MR     .....                    N - +0 pair of boots
Stlth  ..........               F - amulet of regeneration
                                t - ring "Noididak" {rPois Str+3 Int+6}
                                U - ring of magical power

@: berserking (expiring), very quick
A: mutation resistance 1
a: Berserk, Trog's Hand, Brothers in Arms, Burn Spellbooks, Renounce Religion


You were on level 4 of the Lair of Beasts.
You worshipped Trog.
Trog was greatly pleased with you.
You were near starving.

You visited 2 branches of the dungeon, and saw 14 of its levels.

You collected 813 gold pieces.

Inventory:

Hand Weapons
 a - a +3 dagger of venom (weapon)
 b - a +0 hunting sling
 g - a +1 dagger of freezing
 m - a +0 short sword
Missiles
 s - 255 stones (quivered)
 x - 118 sling bullets
Armour
 f - a +0 ring mail
 o - a +0 buckler (worn)
 p - a +2 cloak (worn)
 M - a +0 helmet (worn)
 N - a +0 pair of boots (worn)
 P - +3 fire dragon scales (worn)
Jewellery
 h - an uncursed amulet of guardian spirit
 t - the ring "Noididak" (right hand) {rPois Str+3 Int+6}
   (You found it on level 8 of the Dungeon)

   [ring of poison resistance]

   It affects your strength (+3).
   It affects your intelligence (+6).
   It protects you from poison.
 y - an uncursed ring of poison resistance
 F - an amulet of regeneration (around neck)
 G - a +4 ring of protection
 T - an uncursed ring of resist corrosion
 U - a ring of magical power (left hand)
Wands
 d - a wand of acid (2/15)
 K - a wand of hasting (4/9)
 O - a wand of lightning (7/15)
 Q - a wand of digging (14/24)
 R - a wand of flame (31/48)
 S - a wand of acid (8/15)
 V - a wand of random effects (30/48)
Scrolls
 j - a scroll of fear
 k - 4 scrolls of recharging
 l - 3 scrolls of magic mapping
 r - a scroll of fog
 u - a scroll of blinking
 B - 5 scrolls of teleportation
 L - a scroll of identify
Potions
 e - 4 potions of flight
 q - 2 potions of curing
 z - a potion of haste
 A - 2 potions of agility
 C - a potion of ambrosia
 E - a potion of berserk rage
Books
 w - a book of Beasts

   Spells                             Type                      Level
   a - Summon Butterflies             Summoning                    1
   b - Call Canine Familiar           Summoning                    3
   c - Summon Ice Beast               Ice/Summoning                4
   d - Summon Mana Viper              Hexes/Summoning              5
   e - Summon Hydra                   Summoning                    7
   Trog disapproves of the use of such an item.
 I - a book of Maledictions

   Spells                             Type                      Level
   a - Corona                         Hexes                        1
   b - Ensorcelled Hibernation        Hexes/Ice                    2
   c - Confuse                        Hexes                        3
   d - Tukima's Dance                 Hexes                        3
   e - Dazzling Spray                 Conjuration/Hexes            3
   Trog disapproves of the use of such an item.
Comestibles
 c - 11 bread rations
 i - 4 meat rations
 n - a fruit
 D - 6 chunks of flesh
 H - 9 royal jellies
 J - 8 beef jerkies


   Skills:
 + Level 7.7 Fighting
 * Level 13.2 Short Blades
 + Level 12.4 Slings
 + Level 9.0 Armour
 + Level 8.9 Dodging
 - Level 4.5 Stealth
 + Level 6.9 Shields
 + Level 4.1 Evocations


You had 12 spell levels left.
You didn't know any spells.

Dungeon Overview and Level Annotations

Branches:
Dungeon (10/15)            Temple (0/1) D:6            Lair (4/6) D:10
 Spider (0/4) Lair:3
  Swamp: Lair:2-4    Shoals: Lair:2-4       Orc: D:9-12

Altars:
Ashenzari
Elyvilon
Kikubaaqudgha
Makhleb
Okawaru
Qazlal
Ru
Sif Muna
Trog
Xom
The Shining One

Annotations:
D:9 Psyche
Lair:4 Rupert


Innate Abilities, Weirdness & Mutations

You are small and have problems with some larger weapons.
You are somewhat resistant to further mutation.


Message History

You puncture Rupert!
Rupert is heavily wounded.
You block Rupert's attack.
You closely miss Rupert.
Rupert is heavily wounded.
You hit Rupert.
Rupert looks as sick as possible!
Rupert is heavily wounded.
You hit Rupert.
Rupert looks as sick as possible!
Rupert is heavily wounded.
Rupert closely misses you.
You hit Rupert.
Rupert is heavily wounded.
You puncture Rupert!
Rupert looks as sick as possible!
Rupert is severely wounded.
You hit Rupert.
Rupert is severely wounded.
Rupert hits you with a battleaxe of electrocution!!
* * * LOW HITPOINT WARNING * * *
You are electrocuted!
You die...

#..# #### #......>....#.#.#.
#..##≈≈≈# ##............#.##.
....#≈≈≈### #............#####.
#...#≈≈≈#.# #..####.##'...# #..
##..'####.#####..# ##....### ##.
##..............######.P.## #.#
##....h<...##P..##.##...## #####
.###@..##.+.##..@.......## #.##.
#....Y......##..@........# ##...
#...........##....?.....## #...
.............#...........#######.
P...........#............#.....##
#.......................#.##..#.#
........................+.......#
.............#.....††.......8....
##........##.....................
###..#.#..####............###.#..


You could see Rupert (berserk).

Vanquished Creatures
  Gastronok (D:9)
  The ghost of cotteux the Cleaver, a journeyman DDFi of Trog (Lair:1)
  A hydra (Lair:3)
  A death yak (Lair:4)
  Sonja (Lair:1)
  Pikel (D:8)
  A deep elf mage (D:7)
  An ugly thing (D:8)
  The ghost of oplop the Changer, a novice OpTm of Cheibriados (D:6)
  A black mamba (Lair:1)
  An elephant (Lair:4)
  Joseph (D:8)
  7 spiny frogs
  3 komodo dragons
  2 polar bears (Lair:4)
  2 hornets (D:8)
  13 blink frogs
  4 hippogriffs
  Sigmund (D:4)
  10 yaks
  A steam dragon (D:10)
  A hungry ghost (D:8)
  A soldier ant (D:8)
  3 water moccasins
  4 porcupines
  2 slaves (D:8)
  An eye of draining (D:9)
  2 orc warriors
  4 ice beasts
  2 sky beasts
  A hornet zombie (D:3)
  The ghost of PeterLawrence the Cudgeler, an amateur MiFi (D:4)
  4 necrophages (Lair:2)
  8 wolves (Lair:1)
  6 centaurs
  5 ogres
  10 crocodiles
  The ghost of derval the Charmwright, an amateur HESk (D:3)
  A big kobold (D:9)
  10 bullfrogs
  A wyvern skeleton (D:10)
  2 scorpions
  4 killer bees (D:9)
  2 howler monkeys (D:7)
  A bullfrog zombie (D:8)
  A centaur zombie (D:6)
  8 crimson imps
  A jelly (D:10)
  A quasit (D:10)
  2 centaur skeletons
  5 hounds
  5 orc wizards
  7 orc priests
  3 bullfrog skeletons
  Jessica (D:3)
  2 iguanas
  9 worker ants
  A hound zombie (D:9)
  A hound skeleton (D:4)
  4 gnolls (D:4)
  9 adders
  A river rat (D:10)
  A shadow imp (D:5)
  4 oozes
  2 adder skeletons (D:8)
  3 worms
  4 dart slugs
  6 leopard geckos
  26 orcs
  A ball python (D:3)
  18 bats
  4 giant cockroaches
  7 goblins
  6 hobgoblins
  5 jackals
  5 quokkas
  3 frilled lizards
  13 kobolds
  3 quokka skeletons
  17 rats
  A plant (Lair:4)
322 creatures vanquished.

Vanquished Creatures (collateral kills)
  A hydra (Lair:1)
  2 slaves (D:8)
  A bullfrog (Lair:1)
4 creatures vanquished.

Vanquished Creatures (others)
  5 dream sheep (Lair:1)
  6 fungi
  5 plants
16 creatures vanquished.

Grand Total: 342 creatures vanquished

Notes
Turn   | Place    | Note
-------+----------+-------------------------------------------
     0 | D:1      | raph the Halfling Berserker began the quest for the Orb.
     0 | D:1      | Reached XP level 1. HP: 15/15 MP: 1/1
   173 | D:1      | Reached XP level 2. HP: 10/20 MP: 2/2
   685 | D:1      | Reached skill level 4 in Short Blades
  1092 | D:2      | Reached XP level 3. HP: 23/25 MP: 3/3
  1130 | D:2      | Found an iron altar of Okawaru.
  1209 | D:2      | Reached ** piety under Trog
  1261 | D:2      | Reached XP level 4. HP: 31/31 MP: 4/4
  1560 | D:2      | Found a glowing golden altar of the Shining One.
  1790 | D:3      | Noticed derval's ghost (amateur HESk)
  1848 | D:3      | Noticed Jessica
  1881 | D:3      | Found a sacrificial altar of Ru.
  1925 | D:3      | Reached skill level 5 in Short Blades
  1949 | D:3      | Killed Jessica
  1949 | D:3      | Reached XP level 5. HP: 22/36 MP: 2/5
  2088 | D:3      | Found an ancient bone altar of Kikubaaqudgha.
  2160 | D:3      | Reached XP level 6. HP: 5/42 MP: 1/6
  2409 | D:3      | Noticed an ogre
  2437 | D:3      | Killed an ogre
  2437 | D:3      | Reached skill level 6 in Short Blades
  2443 | D:3      | Reached *** piety under Trog
  2482 | D:4      | Reached XP level 7. HP: 16/47 MP: 3/7
  2974 | D:4      | Found a bloodstained altar of Trog.
  3022 | D:4      | Noticed PeterLawrence's ghost (amateur MiFi)
  3033 | D:5      | Entered Level 5 of the Dungeon
  3251 | D:5      | Reached skill level 7 in Short Blades
  3451 | D:5      | Reached XP level 8. HP: 54/54 MP: 8/8
  3602 | D:5      | Found a burning altar of Makhleb.
  3817 | D:6      | Reached skill level 1 in Slings
  3836 | D:6      | Paralysed by fainting for 6 turns
  4076 | D:6      | Reached skill level 5 in Armour
  4175 | D:6      | Reached skill level 8 in Short Blades
  4178 | D:6      | Reached skill level 5 in Dodging
  4229 | D:6      | Found a shattered altar of Ashenzari.
  4291 | D:6      | Noticed oplop's ghost (novice OpTm)
  4712 | D:6      | Reached XP level 9. HP: 59/59 MP: 9/9
  4933 | D:6      | Reached skill level 5 in Slings
  4968 | D:6      | Reached **** piety under Trog
  5030 | D:6      | Killed oplop's ghost
  5030 | D:6      | Reached skill level 5 in Fighting
  5030 | D:6      | Reached skill level 9 in Short Blades
  5100 | D:6      | Found a staircase to the Ecumenical Temple.
  5706 | D:4      | Killed PeterLawrence's ghost
  5728 | D:4      | Noticed Sigmund
  5738 | D:4      | Killed Sigmund
  6100 | D:3      | Killed derval's ghost
  6313 | D:7      | Noticed a deep elf mage
  6328 | D:7      | Killed a deep elf mage
  6328 | D:7      | Reached skill level 10 in Short Blades
  6328 | D:7      | Reached XP level 10. HP: 59/68 MP: 5/10
  7002 | D:7      | Found a stormy altar of Qazlal.
  7002 | D:7      | Found a white marble altar of Elyvilon.
  7239 | D:8      | Noticed a purple ugly thing
  7265 | D:8      | Killed a purple ugly thing
  7265 | D:8      | Reached skill level 1 in Shields
  7553 | D:8      | Got a heavily runed lead ring
  7554 | D:8      | Identified the ring "Noididak" {rPois Str+3 Int+6} (You found it on level 8 of the Dungeon)
  7647 | D:8      | Received a gift from Trog
  7659 | D:8      | Found a deep blue altar of Sif Muna.
  7875 | D:8      | Noticed Pikel
  7906 | D:8      | Killed Pikel
  8128 | D:8      | Paralysed by a hornet for 1 turns
  8129 | D:8      | Reached XP level 11. HP: 74/74 MP: 11/11
  8453 | D:8      | Reached skill level 10 in Slings
  8596 | D:8      | Noticed Joseph
  8627 | D:8      | Killed Joseph
  8627 | D:8      | Reached skill level 11 in Short Blades
  8702 | D:9      | Found Fadiqol's Book Boutique.
  8717 | D:9      | Noticed Psyche
  8972 | D:9      | Noticed Gastronok
  9006 | D:9      | Killed Gastronok
  9083 | D:9      | Received a gift from Trog
  9712 | D:10     | Entered Level 10 of the Dungeon
 10022 | D:10     | Reached skill level 5 in Shields
 10171 | D:10     | Found a staircase to the Lair.
 10204 | D:10     | Reached ***** piety under Trog
 10783 | D:10     | Received a gift from Trog
 10816 | Lair:1   | Entered Level 1 of the Lair of Beasts
 10832 | Lair:1   | Reached skill level 1 in Evocations
 11100 | Lair:1   | Noticed cotteux's ghost (journeyman DDFi)
 11114 | Lair:1   | Killed cotteux's ghost
 11114 | Lair:1   | Reached skill level 12 in Short Blades
 11114 | Lair:1   | Reached skill level 1 in Stealth
 11114 | Lair:1   | Reached XP level 12. HP: 80/80 MP: 11/13
 11156 | Lair:1   | Noticed Sonja
 11165 | Lair:1   | Noticed an eight-headed hydra
 11331 | Lair:1   | Killed Sonja
 11829 | Lair:1   | Killed an eight-headed hydra
 11912 | Lair:1   | Found a shimmering altar of Xom.
 12643 | Lair:2   | Received a gift from Trog
 13096 | Lair:3   | Found a hole to the Spider Nest.
 13266 | Lair:3   | Noticed an eight-headed hydra
 13280 | Lair:3   | Killed an eight-headed hydra
 14112 | Lair:4   | Received a gift from Trog
 14185 | Lair:4   | Reached XP level 13. HP: 74/84 MP: 15/15
 14192 | Lair:4   | Reached skill level 13 in Short Blades
 14350 | Lair:4   | Noticed Rupert
 15006 | Lair:4   | Slain by Rupert

Skill      XL: |  1  2  3  4  5  6  7  8  9 10 11 12 13 |
---------------+----------------------------------------+-----
Short Blades   | 4 5 6 7 8 10 12 13 | 13.2
Fighting       | 3 4 5 6 7 |  7.7
Dodging        | 3 4 5 6 7 8 |  8.9
Armour         | 3 4 5 6 7 8 9 |  9.0
Slings         | 4 7 9 11 12 | 12.4
Shields        | 2 5 6 |  6.9
Evocations     | 1 3 4 |  4.1
Stealth        | 1 3 4 |  4.5

Action                   |  1- 3 |  4- 6 |  7- 9 | 10-12 | 13-15 || total
-------------------------+-------+-------+-------+-------+-------++-------
Melee: Short sword       |    42 |       |       |       |       ||    42
       Dagger            |    49 |   133 |   410 |  1102 |   204 ||  1898
 Fire: Hunting sling     |       |       |    24 |    86 |     8 ||   118
Throw: Stone             |       |       |     5 |       |       ||     5
Invok: Berserk           |     3 |     2 |    13 |    10 |     3 ||    31
       Brothers in Arms  |       |       |       |     6 |       ||     6
       Trog's Hand       |       |       |       |     1 |     1 ||     2
  Use: Scroll            |       |     2 |    11 |    17 |     3 ||    33
       Potion            |       |       |       |       |     3 ||     3
 Stab: Sleeping          |       |       |       |       |     1 ||     1
  Eat: Chunk             |     3 |     7 |    14 |    29 |     6 ||    59
       Meat ration       |       |       |     1 |     1 |       ||     2
       Fruit             |       |       |     2 |       |       ||     2
       Royal jelly       |       |       |     1 |       |       ||     1
       Pizza             |       |       |       |     2 |       ||     2
Armor: Animal skin       |     3 |       |       |       |       ||     3
       Ring mail         |    14 |    27 |    66 |    56 |       ||   163
       Fire dragon scale |       |       |       |   163 |    30 ||   193
Dodge: Dodged            |    51 |    75 |   202 |   530 |    93 ||   951
Block: Buckler           |       |       |       |   185 |    41 ||   226
